 Dungeon Crawl Stone Soup version 0.24-a0-528-g98e85ec (webtiles) character file.

Game seed: 14232855286229769660

58635 BoppinsLewinski the Grappler (level 14, -6/126 HPs)
             Began as a Centaur Monk on Aug 3, 2019.
             Was the Champion of Makhleb.
             Killed by divine providence
             ... invoked by Saint Roka
              (12 damage)
             ... on level 2 of the Orcish Mines on Aug 6, 2019.
             The game lasted 02:17:57 (35189 turns).

BoppinsLewinski the Grappler (Centaur Monk)        Turns: 35189, Time: 02:18:27

Health: -6/126     AC: 26    Str: 18    XL:     14   Next: 50%
Magic:  0/22       EV:  6    Int:  9    God:    Makhleb [******]
Gold:   1429       SH:  0    Dex: 13    Spells: 13/13 levels left

rFire    + . .     SeeInvis .     - Unarmed
rCold    . . .     Gourm    .   (no shield)
rNeg     . . .     Faith    .   K - +9 plate armour of Keapt {rPois}
rPois    +         Spirit   +   B - +1 helmet
rElec    .         Reflect  .   (no cloak)
rCorr    .         Harm     .   G - +2 pair of gloves
MR       +....                  (no barding)
Stlth    ..........             J - amulet of guardian spirit
HPRegen  0.31/turn              s - ring of protection from fire
MPRegen  0.18/turn              (no ring)

@: berserk cooldown, very slightly contaminated, slowed, lightly drained
A: large, hooves 3, deformed body, speed 2, tough skin 3
a: Minor Destruction, Lesser Servant of Makhleb, Major Destruction, Greater
Servant of Makhleb, Renounce Religion


You were on level 2 of the Orcish Mines.
You worshipped Makhleb.
Makhleb was exalted by your worship.
You were not hungry.

You visited 4 branches of the dungeon, and saw 20 of its levels.
You also visited: Ossuary.

You collected 2241 gold pieces.
You spent 812 gold pieces at shops.

Inventory:

Missiles
 g - 232 stones (quivered)
Armour
 B - a +1 helmet (worn)
 G - a +2 pair of gloves (worn)
 K - the +9 plate armour of Keapt (worn) {rPois}
   (You bought it in a shop on level 7 of the Dungeon)

   It protects you from poison.
Jewellery
 h - a +2 ring of protection {unknown}
 r - a cursed ring of teleportation {unknown}
 s - a ring of protection from fire (left hand)
 E - an uncursed ring of protection from cold
 J - an amulet of guardian spirit (around neck)
Wands
 l - a wand of flame (25)
 o - a wand of random effects (37)
 p - a wand of iceblast (12)
 q - a wand of paralysis (13)
 F - a wand of polymorph (4)
 H - a wand of digging (5)
Scrolls
 c - 9 scrolls of magic mapping
 d - 4 scrolls of enchant weapon
 e - a scroll of enchant armour
 i - 9 scrolls of remove curse
 k - a scroll of immolation
 m - 7 scrolls of teleportation
 n - a scroll of blinking
 v - a scroll of silence
 x - 2 scrolls of fear
 y - 4 scrolls of amnesia
 C - a scroll of fog
Potions
 a - a potion of cancellation
 t - a potion of magic
 u - 2 potions of ambrosia
 z - a potion of brilliance
 D - a potion of might
Comestibles
 b - 27 rations


   Skills:
 + Level 12.2(11.9) Fighting
 + Level 8.7(8.4) Armour
 - Level 7.2(6.9) Dodging
 - Level 1.1(0.8) Stealth
 * Level 14.8(14.4) Unarmed Combat
 + Level 11.0(10.7) Invocations


You had 13 spell levels left.
You didn't know any spells.
Your spell library contained the following spells:

 Spells                   Type           Power        Failure   Level  Hunger
 Poisonous Vapours        Pois/Air       #.....       100%        2    ###....
 Conjure Flame            Conj/Fire      #.......     100%        3    ####...
 Mephitic Cloud           Conj/Pois/Air  #.......     100%        3    ####...
 Cause Fear               Hex            #.........   100%        4    #####..
 Silence                  Hex/Air        #.........   100%        5    ######.
 Yara's Violent Unravell  Hex/Tmut       #.........   100%        5    ######.
 Deflect Missiles         Chrm/Air       #.........   100%        6    #######
 Freezing Cloud           Conj/Ice/Air   #.........   100%        6    #######
 Ring of Flames           Chrm/Fire      #.........   100%        7    #######
 Discord                  Hex            #.........   100%        8    #######


Dungeon Overview and Level Annotations

Branches:
Dungeon (11/15)            Temple (1/1) D:5            Lair (6/6) D:10
 Shoals (0/4) Lair:2       Spider (0/4) Lair:3        Slime (0/5) Lair:6
    Orc (2/2) D:9             Elf (0/3) Orc:2

Altars:
Ashenzari
Cheibriados
Dithmenos
Elyvilon
Fedhas
Gozag
Hepliaklqana
Kikubaaqudgha
Makhleb
Nemelex Xobeh
Okawaru
Qazlal
Ru
Sif Muna
Trog
Uskayaw
Vehumet
Wu Jian
Xom
Yredelemnul
Zin
The Shining One
Beogh
Jiyva

Shops:
D:7 }***   D:9 %   D:10 %   Orc:2 :=%:

Annotations:
D:4 exclusion: downstairs
D:7 exclusion: downstairs
Lair:2 exclusion: 2 electric eels
Lair:3 1 runed translucent door, DankestMemes's ghost, journeyman DrVM
Orc:2 Saint Roka


Innate Abilities, Weirdness & Mutations

You have hooves in place of feet.
Armour fits poorly on your strangely shaped body.
You cover ground very quickly.
You have extremely tough skin. (AC +3)


Message History

Gang up on whom?
Press: ? - help, Dir - move target cursor, f - Saint Roka
Aim: Saint Roka, wielding a +2 great mace and wearing a +0 plate armour (translocational energy, almost dead) Attack!
Saint Roka mumbles some strange prayers to Beogh against you.
Beogh smites you!
* * * LOW HITPOINT WARNING * * *
There is an escape hatch in the ceiling here.
Your hellwing hits Saint Roka but does no damage.
Your hellwing barely misses Saint Roka.
Your hellwing closely misses Saint Roka.
Your hellwing hits Saint Roka.
There is a stone staircase leading up, spattered with blood here.
Saint Roka mumbles some strange prayers to Beogh against you.
Beogh smites you!
* * * LOW HITPOINT WARNING * * *
Your hellwing hits Saint Roka!
Your hellwing barely misses Saint Roka.
Saint Roka mumbles some strange prayers to Beogh against you.
Beogh smites you!
You die...

#...).......................#####
....).....o....#.#...#...........
#.#......4..................)....
#........o...................)...
.............<.............).....
.................................
.......^..................#)..)..
...............O............)....
..............@...._.........#.
...............................
.......[.......................
............#.#...............#
##........(.#.#................
#..##.##............)..[[.....
#.. ## #...#.#..#.....[.....#. ##
##.##########..#....### ###
#########


You could see Saint Roka, an ogre, an orc and a friendly hellwing.

Vanquished Creatures
  Gastronok (Lair:1)
  Snorg (Lair:4)
  A fire dragon (Lair:6)
  3 hydras
  2 two-headed ogres (D:10)
  7 death yaks
  An orc high priest (Orc:2)
  Sonja (Lair:4)
  A swamp dragon (Lair:6)
  2 orc knights (Orc:2)
  5 orc sorcerers
  6 black mambas
  6 elephants (Lair:6)
  2 molten gargoyles (Lair:3)
  A torpor snail (Lair:6)
  7 spiny frogs
  5 komodo dragons
  2 rime drakes
  A queen bee (Lair:5)
  A tengu conjurer (D:10)
  A jumping spider (Lair:3)
  3 meliai (Lair:5)
  3 raiju (Lair:6)
  9 polar bears
  Grinder (D:3)
  3 hippogriffs
  12 dream sheep
  Sigmund (D:5)
  29 yaks
  7 basilisks
  A wraith (D:10)
  2 hogs (D:7)
  2 steam dragons (Lair:6)
  2 hungry ghosts
  2 fire elementals
  7 humans
  Menkaure (Ossuary)
  3 acid dragons (Lair:6)
  15 hell hounds
  9 wargs
  5 water moccasins
  9 porcupines
  11 black bears (Lair:6)
  26 orc warriors
  A swamp drake (Lair:6)
  2 sky beasts
  2 necrophages
  An ice beast (D:10)
  5 ogres
  2 phantoms
  17 wolves
  2 centaurs
  19 crocodiles
  3 big kobolds
  Blork the orc (D:5)
  9 bullfrogs
  7 scorpions
  20 killer bees (Lair:5)
  3 howler monkeys
  6 crimson imps
  A bullfrog zombie (D:10)
  5 lava snakes (Lair:3)
  A centaur zombie (D:8)
  A quasit (D:8)
  9 hounds
  4 jellies
  17 orc priests
  A bullfrog skeleton (D:5)
  2 centaur skeletons (D:10)
  5 iguanas
  24 orc wizards
  Natasha (thrice) (D:2)
  5 worker ants
  3 mummies (Ossuary)
  Robin (D:2)
  3 gnolls (D:2)
  9 adders
  3 shadow imps
  An ooze (D:4)
  An adder zombie (D:9)
  2 worms (D:2)
  An adder skeleton (D:4)
  3 dart slugs
  4 leopard geckos
  70 orcs
  3 bat zombies (D:5)
  3 giant cockroaches
  4 gnoll zombies (Ossuary)
  10 hobgoblins
  24 kobolds
  5 quokkas
  4 ball pythons
  14 bats
  8 frilled lizards
  4 gnoll skeletons (Ossuary)
  19 goblins
  3 goblin skeletons (Ossuary)
  6 goblin zombies (Ossuary)
  6 hobgoblin skeletons (Ossuary)
  6 hobgoblin zombies (Ossuary)
  A jackal skeleton (D:4)
  4 kobold skeletons (Ossuary)
  3 kobold zombies (Ossuary)
  3 leopard gecko skeletons
  A leopard gecko zombie (D:8)
  4 orc skeletons (Ossuary)
  4 orc zombies (Ossuary)
  2 quokka skeletons
  5 rats
  4 rat skeletons (Ossuary)
  3 rat zombies
  A fungus (D:10)
653 creatures vanquished.

Vanquished Creatures (collateral kills)
  Azrael (Orc:1)
  2 hydras
  A tengu warrior (D:10)
  2 death yaks (D:10)
  An orc knight (Orc:2)
  An oklob plant (Lair:5)
  A black mamba (Lair:5)
  A blink frog (D:10)
  A redback (Lair:3)
  3 yaks (D:9)
  A hungry ghost (D:10)
  An ogre (D:10)
  A wolf (Lair:6)
  A crocodile (D:10)
  A scorpion (D:9)
  A howler monkey (D:9)
  An electric eel (Lair:5)
  10 orcs
31 creatures vanquished.

Vanquished Creatures (others)
  An adder (D:8)
  An orc (Orc:1)
  A bush (Lair:5)
  8 fungi
  28 plants
39 creatures vanquished.

Grand Total: 723 creatures vanquished

Notes
Turn   | Place    | Note
-------+----------+-------------------------------------------
     0 | D:1      | BoppinsLewinski the Centaur Monk began the quest for the
                  | Orb.
     0 | D:1      | Reached XP level 1. HP: 19/19 MP: 1/1
   154 | D:1      | Reached XP level 2. HP: 23/26 MP: 2/2
   673 | D:1      | Reached XP level 3. HP: 31/31 MP: 3/3
   808 | D:2      | Reached skill level 4 in Unarmed Combat
  1190 | D:2      | Found a faded altar of an unknown god.
  1288 | D:2      | Found a snail-covered altar of Cheibriados.
  1364 | D:2      | Noticed Robin
  1452 | D:2      | Noticed Natasha
  1457 | D:2      | Killed Natasha
  1457 | D:2      | Reached XP level 4. HP: 33/40 MP: 4/4
  1653 | D:2      | Noticed Natasha
  1901 | D:2      | Killed Robin
  1926 | D:2      | Killed Natasha
  1980 | D:2      | Noticed Natasha
  1999 | D:2      | Killed Natasha
  1999 | D:2      | Reached skill level 5 in Unarmed Combat
  1999 | D:2      | Reached XP level 5. HP: 22/46 MP: 5/5
  2180 | D:2      | Found a radiant altar of Vehumet.
  3218 | D:3      | Noticed Grinder
  3224 | D:3      | Paralysed by Grinder for 6 turns
  3235 | D:3      | Killed Grinder
  3235 | D:3      | Reached skill level 6 in Unarmed Combat
  3235 | D:3      | Reached XP level 6. HP: 55/55 MP: 6/6
  3868 | D:4      | Reached skill level 5 in Fighting
  4086 | D:4      | Reached XP level 7. HP: 38/61 MP: 7/7
  4222 | D:4      | Reached skill level 1 in Armour
  5420 | D:5      | Entered Level 5 of the Dungeon
  5420 | D:5      | Found a staircase to the Ecumenical Temple.
  5448 | D:5      | Noticed Sigmund
  5450 | Temple   | Entered the Ecumenical Temple
  5652 | Temple   | Became a worshipper of Makhleb the Destroyer
  5652 | Temple   | Reached * piety under Makhleb
  5652 | Temple   | Reached ** piety under Makhleb
  5988 | D:5      | Found an ancient bone altar of Kikubaaqudgha.
  6257 | D:5      | Reached skill level 7 in Unarmed Combat
  6491 | D:6      | Reached XP level 8. HP: 52/70 MP: 8/8
  6500 | D:6      | Found a basalt altar of Yredelemnul.
  6622 | D:6      | Found a sparkling altar of Nemelex Xobeh.
  6626 | D:6      | Found a shadowy altar of Dithmenos.
  6957 | D:5      | Got a slimy ring mail
  7147 | D:5      | Killed Sigmund
  7181 | D:5      | Noticed Blork the orc
  7186 | D:5      | Killed Blork the orc
  7191 | D:5      | Found a deep blue altar of Sif Muna.
  7231 | D:7      | Found Malij's General Store.
  7236 | D:7      | Found Yzemuokh's Assorted Antiques.
  7352 | D:7      | Identified the cursed +0 ring mail of Riemn {rElec Int+3
                  | Dex+5} (You found it on level 5 of the Dungeon)
  7391 | D:7      | Reached skill level 8 in Unarmed Combat
  7391 | D:7      | Reached XP level 9. HP: 76/78 MP: 9/9
  7841 | D:7      | Found a white marble altar of Elyvilon.
  7945 | D:7      | Found a shattered altar of Ashenzari.
  8216 | D:7      | Found Binurumi's Gadget Shop.
  8253 | D:7      | Found Beluag's Assorted Antiques.
  8621 | D:8      | Reached skill level 1 in Invocations
  8649 | D:8      | Found a sand-covered staircase.
  8664 | Ossuary  | Entered an ossuary
  8671 | Ossuary  | Reached *** piety under Makhleb
  8854 | Ossuary  | Reached **** piety under Makhleb
  8904 | Ossuary  | Noticed Menkaure
  8920 | Ossuary  | Killed Menkaure
  9333 | D:8      | Reached skill level 5 in Dodging
  9375 | D:8      | Reached XP level 10. HP: 53/88 MP: 12/12
  9753 | D:8      | Reached skill level 9 in Unarmed Combat
 10508 | D:8      | Found a blossoming altar of Fedhas.
 11108 | D:9      | Found a stormy altar of Qazlal.
 11664 | D:8      | Reached ***** piety under Makhleb
 12220 | D:9      | Found a roughly hewn altar of Beogh.
 12222 | D:9      | Found a staircase to the Orcish Mines.
 12454 | D:9      | Found Kilein's Food Shoppe.
 12531 | D:9      | Reached skill level 5 in Armour
 13184 | D:9      | Found an opulent altar of Gozag.
 13451 | D:10     | Entered Level 10 of the Dungeon
 13489 | D:10     | Reached skill level 5 in Invocations
 13524 | D:10     | Found a staircase to the Lair.
 13659 | D:10     | Reached XP level 11. HP: 73/95 MP: 15/15
 14478 | D:10     | Noticed a two-headed ogre
 14481 | D:10     | Noticed a two-headed ogre
 14823 | D:10     | Killed a two-headed ogre
 14823 | D:10     | Reached skill level 10 in Unarmed Combat
 14831 | D:10     | Killed a two-headed ogre
 15156 | D:10     | Noticed a tengu warrior
 15170 | D:10     | Killed a tengu warrior
 15619 | D:10     | Found Nesmamn's Food Boutique.
 15973 | Lair:1   | Entered Level 1 of the Lair of Beasts
 16077 | Lair:1   | Noticed a death yak
 16077 | Lair:1   | Noticed a death yak
 16077 | Lair:1   | Noticed a death yak
 16078 | Lair:1   | Upgraded the game from 0.24-a0-525-g9231cdc to
                  | 0.24-a0-528-g98e85ec
 16078 | Lair:1   | Noticed a death yak
 16162 | D:10     | Killed a death yak
 16426 | Lair:1   | Noticed a death yak
 17186 | D:9      | Killed a death yak
 19498 | D:9      | Killed a death yak
 19717 | D:10     | Killed a death yak
 21155 | D:9      | Killed a death yak
 22000 | Lair:1   | Noticed Gastronok
 22017 | Lair:1   | Killed Gastronok
 22017 | Lair:1   | Reached skill level 11 in Unarmed Combat
 22017 | Lair:1   | Reached XP level 12. HP: 87/106 MP: 17/17
 22853 | Lair:2   | Reached skill level 10 in Fighting
 22952 | Lair:2   | Found a staircase to the Shoals.
 24459 | Lair:3   | Noticed a seven-headed hydra
 24799 | Lair:3   | Killed a seven-headed hydra
 25409 | Lair:3   | Found a hole to the Spider Nest.
 25911 | Lair:3   | Found a runed translucent door.
 25912 | Lair:3   | Found a shimmering altar of Xom.
 25912 | Lair:3   | Noticed DankestMemes's ghost (journeyman DrVM)
 25914 | Lair:3   | Identified the +7 scythe of Bataixt {chaos, rF+ Str+2}
 25916 | Lair:3   | Noticed a seven-headed hydra
 25923 | Lair:3   | Killed a seven-headed hydra
 26537 | D:7      | Bought a crude plate armour for 812 gold pieces
 26537 | D:7      | Identified the +9 plate armour of Keapt {rPois} (You bought
                  | it in a shop on level 7 of the Dungeon)
 26711 | Lair:4   | Reached skill level 12 in Unarmed Combat
 26757 | Lair:4   | Noticed Snorg
 26775 | Lair:4   | Killed Snorg
 26793 | Lair:4   | Noticed Sonja
 26814 | Lair:4   | Killed Sonja
 28008 | Lair:5   | Noticed a four-headed hydra
 28017 | Lair:5   | Killed a four-headed hydra
 28268 | Lair:5   | Reached XP level 13. HP: 107/115 MP: 17/19
 29266 | Lair:6   | Entered Level 6 of the Lair of Beasts
 29347 | Lair:5   | Reached skill level 13 in Unarmed Combat
 30295 | Lair:6   | Reached skill level 10 in Invocations
 31118 | Lair:6   | Found a viscous altar of Jiyva.
 31118 | Lair:6   | Found a staircase to the Slime Pits.
 31343 | Lair:6   | Reached skill level 14 in Unarmed Combat
 31397 | Lair:6   | Reached XP level 14. HP: 119/125 MP: 15/21
 32791 | Orc:1    | Entered Level 1 of the Orcish Mines
 32894 | Orc:2    | Entered Level 2 of the Orcish Mines
 33069 | Orc:1    | Paralysed by an orc sorcerer for 5 turns
 33212 | Orc:2    | Found a bloodstained altar of Trog.
 33809 | Orc:2    | Reached ****** piety under Makhleb
 34266 | Orc:2    | Noticed Azrael
 34288 | Orc:1    | Killed Azrael
 34937 | Orc:2    | Found a staircase to the Elven Halls.
 35048 | Orc:2    | Found Miat's Food Boutique.
 35048 | Orc:2    | Found Qiuzomez's Book Shop.
 35054 | Orc:2    | Found Igaixe's Jewellery Shop.
 35056 | Orc:2    | Found Oxkutygi's Book Boutique.
 35148 | Orc:2    | Noticed Saint Roka
 35189 | Orc:2    | HP: 6/126 [Saint Roka/divine providence (11)]
 35189 | Orc:2    | Killed from afar by Saint Roka

Levels and vault maps discovered:
D:1:      erik_arrival_triangle_medium, layout_basic,
          hangedman_abyss_or_decor_lesser_grid
D:2:      kennysheep_big_flooded_room, layout_rooms, lemuel_crystal_altar,
          kennysheep_slug_shrine, chequers_ecumenical_altar_island,
          first_ration, minmay_pentomino_u4, uniq_natasha, uniq_robin
D:3:      layout_basic, uniq_grinder
D:4:      layout_layer_cave
D:5:      layout_rooms, tgw_sif, lemuel_zombie_altar_kikubaaqudgha,
          minmay_temple_entry_mist, dk_rats_in_the_wall, uniq_sigmund
D:6:      layout_rooms, grunt_temple_overflow_open, yredelemnul_altar_generic
D:7:      layout_loops_ring, kennysheep_little_box, ashenzari_altar_1,
          serial_shops, shop, shop, shop_statue,
          nicolae_shop_overgrown_old_shop, grunt_livestock
D:8:      minmay_chambers_of_fours, layout_cave_pools, kennysheep_mini,
          nicolae_ossuary_entry_false_entrances, minmay_ruffians
D:9:      layout_stronghold, grunt_gozag_statues, lemuel_crystal_altar,
          david_orc_5, serial_shops, nicolae_shop_crystal
D:10:     layout_long_grid, minmay_lair_entry_grove, serial_shops, shop,
          evilmike_butchery
D:11:     minmay_the_grid_octo_triangle [minmay_the_grid_octo_horde,
          minmay_the_grid_octo_prize_star, minmay_the_grid_octo_checkered],
          layout_irregular_city, enter_bailey_2, gauntlet_entry_generic,
          st_stairs_13, uniq_psyche, uniq_grum
Temple:   minmay_temple_curvy_loop
Lair:1:   layout_cave_pods, guppyfry_lair_drakes, uniq_gastronok
Lair:2:   layout_regular_city, shoals_dummy_entry, grunt_megastairs_1,
          serial_bayou_shore_a, lemuel_fruit_fields
Lair:3:   cheibrodos_magma_flow, layout_small_grid,
          spider_nest_entry_funnel_web, ebering_ghost_xom
Lair:4:   layout_gridlike, grunt_megastairs_5, uniq_sonja, uniq_snorg
Lair:5:   layout_gridlike, special_room [special_room_bee]
Lair:6:   guppyfry_lair_end_dragon, layout_small_grid,
          hangedman_lair_caniforms_friends, slime_altar_1
Orc:1:    layout_caves
Orc:2:    st_orc_mages, layout_caves, basic_altar, mines1_david, uniq_azrael,
          uniq_saint_roka

Skill      XL: |  1  2  3  4  5  6  7  8  9 10 11 12 13 14 |
---------------+-------------------------------------------+-----
Unarmed Combat | 4 5 6 7 8 9 11 12 14 | 14.8
Fighting       | 4 5 6 7 8 9 10 11 12 | 12.2
Armour         | 2 3 4 5 6 7 8 |  8.7
Dodging        | 3 4 5 6 7 |  7.2
Invocations    | 3 5 7 8 10 11 | 11.0
Stealth        | |  1.1

Action                   |  1- 3 |  4- 6 |  7- 9 | 10-12 | 13-15 || total
-------------------------+-------+-------+-------+-------+-------++-------
Melee: Unarmed           |   117 |   197 |   449 |   944 |  1113 ||  2820
       Kick              |    22 |    32 |   110 |   309 |   344 ||   817
       Punch             |     2 |     4 |     8 |    35 |    52 ||   101
Invok: Lesser Servant of |       |       |       |    20 |    11 ||    31
       Minor Destruction |       |       |       |     4 |       ||     4
       Major Destruction |       |       |       |       |     1 ||     1
Evoke: Wand              |       |       |     6 |    38 |    11 ||    55
  Use: Potion            |     1 |     2 |    10 |    19 |     6 ||    38
       Scroll            |       |     5 |    13 |    16 |     5 ||    39
 Stab: Paralysed         |       |       |       |     5 |       ||     5
       Distracted        |       |       |       |     3 |     6 ||     9
       Invisible         |       |       |       |     5 |     8 ||    13
  Eat: Chunk             |       |     5 |     3 |     7 |     4 ||    19
       Ration            |       |     1 |     3 |    19 |     5 ||    28
Armor: Robe              |    16 |       |       |       |       ||    16
       Ring mail         |    50 |    30 |    13 |       |       ||    93
       Skin              |       |     7 |       |       |       ||     7
       Chain mail        |       |    29 |   149 |   394 |       ||   572
       Plate armour      |       |       |       |    90 |   883 ||   973
Dodge: Dodged            |    43 |    69 |   115 |   335 |   386 ||   948

Table legend:
 A = Non-vault XP
 B = Vault XP
 C = Vault XP percentage of total XP
 D = Non-vault monster count
 E = Vault monster count
 F = Vault count percentage of total count
                 A         B        C        D         E       F
            +---------+---------+-------+---------+---------+-------
      Total |   48056 |   35709 |  42.6 |     389 |     289 |  42.6
            +---------+---------+-------+---------+---------+-------
        D:1 |      46 |       2 |   4.2 |      27 |       1 |   3.6
        D:2 |     146 |      86 |  37.1 |      17 |      18 |  51.4
        D:3 |      47 |     267 |  85.0 |      16 |       1 |   5.9
        D:4 |     473 |       0 |   0.0 |      26 |       0 |   0.0
        D:5 |     261 |     333 |  56.1 |      14 |       6 |  30.0
        D:6 |     283 |       0 |   0.0 |       8 |       0 |   0.0
        D:7 |     811 |    1175 |  59.2 |      26 |       6 |  18.8
        D:8 |    1511 |    1677 |  52.6 |      34 |      22 |  39.3
        D:9 |    4481 |     155 |   3.3 |      30 |       8 |  21.1
       D:10 |    5812 |    2098 |  26.5 |      33 |      14 |  29.8
     Lair:1 |     842 |    1510 |  64.2 |       7 |       2 |  22.2
     Lair:2 |    1584 |       0 |   0.0 |       9 |       0 |   0.0
     Lair:3 |    5144 |    1549 |  23.1 |      15 |       9 |  37.5
     Lair:4 |    1422 |    2326 |  62.1 |       6 |       4 |  40.0
     Lair:5 |    9840 |    2897 |  22.7 |      33 |      26 |  44.1
     Lair:6 |   10343 |   14373 |  58.2 |      33 |      74 |  69.2
      Orc:1 |    2308 |    2686 |  53.8 |      27 |       6 |  18.2
      Orc:2 |    2702 |    4304 |  61.4 |      28 |      43 |  60.6
    Ossuary |       0 |     271 | 100.0 |       0 |      49 | 100.0
            +---------+---------+-------+---------+---------+-------
